 Dungeon Crawl Stone Soup version 0.28-a0-932-g843f935a50 (webtiles) character file.

Game seed: 15170375587172340972

521 Htamos the Grave Robber (level 7, -8/51 HPs)
             Began as a Mummy Necromancer on Nov 27, 2021.
             Mangled by an orc warrior (13 damage)
             ... on level 6 of the Dungeon.
             The game lasted 00:10:55 (4723 turns).

Htamos the Grave Robber (Mummy Necromancer)         Turns: 4723, Time: 00:10:55

Health: -8/51      AC:  2    Str: 11    XL:     7   Next: 1%
Magic:  13/13      EV: 12    Int: 17    God:
Gold:   149        SH:  0    Dex: 12    Spells: 12/14 levels left

rFire   x . .      SeeInvis .   l - +1 falchion (elec)
rCold   + . .      Faith    .   (no shield)
rNeg    + + +      Spirit   .   a - +0 robe
rPois   ∞          Reflect  .   (no helmet)
rElec   .          Harm     .   (no cloak)
rCorr   .          Rampage  .   (no gloves)
Will    .....                   (no boots)
Stlth   ++........              (no amulet)
HPRegen 0.17/turn               e - ring of flight
MPRegen 0.13/turn               (no ring)

@: flying, studying Slings
A: cold resistance 1, negative energy resistance 3, torment resistance 2, heat
vulnerability 1, no potions
a: no special abilities


You were on level 6 of the Dungeon.
You visited 1 branch of the dungeon, and saw 6 of its levels.

You collected 149 gold pieces.

Inventory:

Hand Weapons
 g - a +0 war axe
 j - a +2 dagger of speed
 l - a +1 falchion of electrocution (weapon)
Missiles
 h - a throwing net
Armour
 a - a +0 robe (worn)
 i - a +0 ring mail
Jewellery
 e - a ring of flight (left hand)
Wands
 f - a wand of iceblast (10)
Scrolls
 b - a scroll of identify {unknown}
 c - a scroll of enchant armour {unknown}
 d - a scroll of amnesia {unknown}
 k - a scroll of blinking {unknown}


   Skills:
 + Level 2.7 Fighting
 + Level 1.7 Short Blades
 - Level 0.1 Axes
 + Level 2.8 Dodging
 - Level 2.1 Stealth
 + Level 4.4 Spellcasting
 * Level 5.8 Necromancy


You had 12 spell levels left.
You knew the following spells:

 Your Spells              Type           Power      Damage    Failure   Level
a - Pain                  Necr           92%        1d8       1%          1
b - Animate Skeleton      Necr           46%        N/A       1%          1

Your spell library contained the following spells:

 Spells                   Type           Power      Damage    Failure   Level
 Vampiric Draining        Necr           23%        2d7       4%          3
 Animate Dead             Necr           11%        N/A       14%         4
 Agony                    Necr           23%        N/A       36%         5
 Excruciating Wounds      Necr           11%        N/A       36%         5
 Portal Projectile        Hex/Tloc       6%         N/A       41%         3
 Petrify                  Tmut/Erth      3%         N/A       83%         4
 Metabolic Englaciation   Hex/Ice        1%         N/A       99%         5
 Blade Hands              Tmut           Unusable   N/A       N/A         5
 Statue Form              Tmut/Erth      Unusable   N/A       N/A         6

Dungeon Overview and Level Annotations

Branches:
Dungeon (7/15)
 Temple: D:4-7

Altars:
Gozag
Vehumet

Shops:
D:2 [


Innate Abilities, Weirdness & Mutations

You are immune to poison.
Your flesh is cold resistant. (rC+)
You are immune to negative energy. (rN+++)
You are immune to unholy pain and torment.
You are vulnerable to heat. (rF-)
You do not drink.


Message History

Beogh smites you!
There is a stone staircase leading up here.
The orc warrior hits you with a +0 hand axe!
You fly upwards.
Reactivating autopickup.
There is a stone staircase leading down here.
Okay, then.
Casting: Pain (safe; 1% risk of failure)
Confirm with . or Enter, or press ? or * to list all spells.
Aiming: Pain (safe; 1% risk of failure)
Press: ? - help, Shift-Dir - straight line, f - orc warrior
Aim: an orc warrior, wielding a +0 hand axe and wearing a +0 plate armour (chance to affect: 83%)
The orc warrior writhes in agony!
The orc warrior hits you with a +0 hand axe!
* * * LOW HITPOINT WARNING * * *
The orc warrior hits you with a +0 hand axe!!
* * * LOW HITPOINT WARNING * * *
Okay, then.
You see here a +0 flail.
You see here a +0 flail.
You see here a +0 flail.
You see here a +0 flail.
You hit the orc warrior but do no damage.
Lightning courses through the orc warrior!
The orc warrior is heavily wounded.
The orc warrior hits you with a +0 hand axe.
* * * LOW HITPOINT WARNING * * *
Unknown command.
Aiming: Iceblast
Press: ? - help, Shift-Dir - straight line, p - orc warrior
Okay, then.
You see here a +0 flail.
Aiming: Iceblast
Press: ? - help, Shift-Dir - straight line, p - orc warrior
Okay, then.
You see here a +0 flail.
You reach down and open the door.
A sky beast comes into view.
The orc warrior hits you with a +0 hand axe!
You die...

###
..##
Y...
8.#
...#
###..
##.'#
#.@.#
#.8o#
#)).#
##>##
###


You could see an orc warrior and a sky beast (asleep).

Vanquished Creatures
  A kobold brigand (D:7)
  A scorpion (D:4)
  A howler monkey (D:4)
  A hound (D:4)
  An orc priest (D:4)
  A gnoll shaman (D:7)
  An iguana (D:4)
  An orc wizard (D:4)
  A hound skeleton (D:4)
  7 gnolls
  5 adders
  An ufetubus (D:4)
  A worm (D:3)
  2 dart slugs (D:2)
  9 orcs
  9 ball pythons
  2 bats (D:1)
  7 endoplasms
  8 hobgoblins
  A quokka (D:1)
  3 frilled lizards
  5 goblins
  14 kobolds
  9 rats
92 creatures vanquished.

Notes
Turn   | Place    | Note
-------+----------+-------------------------------------------
     0 | D:1      | Htamos the Mummy Necromancer began the quest for the Orb.
     0 | D:1      | Reached XP level 1. HP: 13/13 MP: 4/4
   358 | D:1      | Reached XP level 2. HP: 19/19 MP: 3/5
   521 | D:1      | Learned a level 1 spell: Animate Skeleton
  1136 | D:2      | Found Noezuin's Armour Boutique.
  1217 | D:2      | Reached XP level 3. HP: 14/25 MP: 0/7
  1486 | D:2      | Reached skill level 1 in Fighting
  2167 | D:3      | Reached XP level 4. HP: 32/32 MP: 5/8
  2480 | D:3      | Found an opulent altar of Gozag.
  2950 | D:4      | Reached XP level 5. HP: 22/37 MP: 0/10
  3339 | D:4      | Reached skill level 5 in Necromancy
  3344 | D:3      | Reached skill level 1 in Short Blades
  3697 | D:4      | Reached XP level 6. HP: 44/44 MP: 8/12
  4375 | D:7      | Found a radiant altar of Vehumet.
  4599 | D:7      | Reached XP level 7. HP: 42/51 MP: 6/13
  4723 | D:6      | Mangled by an orc warrior

Illustrated notes

Levels and vault maps discovered:
D:1:      minmay_arrival_nine_rooms, layout_basic
D:2:      layout_basic, serial_shops, shop
D:3:      layout_rooms, lemuel_crystal_altar
D:4:      layout_basic, hex_large, serial_park_tiny_2, supply_closet_lemuel,
          kennysheep_generic_room_14
D:6:      layout_basic, okawaru_altar_gauntlet_db,
          mainiacjoe_overflow_concentric_impassable, nicolae_uskayaw_en_pointe,
          grunt_ministairs_4
D:7:      layout_basic, nicolae_vehumet_altar_sigil, minmay_temple_entry_waves

Skill      XL: |  1  2  3  4  5 |
---------------+----------------+-----
Spellcasting   | 3 4 |  4.4
Stealth        | 2 |  2.1
Fighting       | 1 2 |  2.7
Dodging        | 2 |  2.8
Necromancy     | 5 |  5.8
Short Blades   | 1 |  1.7
Axes           | |  0.1

Action                   |  1- 3 |  4- 6 |  7- 9 || total
-------------------------+-------+-------+-------++-------
Melee: Unarmed           |     7 |       |       ||     7
       Dagger            |       |     3 |       ||     3
       Falchion          |       |     4 |     1 ||     5
 Cast: Pain              |    74 |   157 |     1 ||   232
Evoke: Wand              |       |     1 |       ||     1
  Use: Scroll            |       |     2 |       ||     2
 Stab: Sleeping          |     1 |       |       ||     1
Armor: Robe              |     6 |     6 |       ||    12
Dodge: Dodged            |    27 |    53 |       ||    80

Table legend: (Time is in decaauts)
 A = Elapsed time spent in this place.
 B = Non-inter-level travel time spent in this place.
 C = Inter-level travel time spent in this place.
 D = Time resting spent in this place.
 E = Time spent auto-exploring this place.
 F = Levels seen in this place.
 G = Mean time per level.
                   A        B        C        D        E       F      G
               +--------+--------+--------+--------+--------+-----+--------+
         Total |   4732 |   4577 |    155 |    906 |   2856 |   6 |  788.7 |
       Dungeon |   4732 |   4577 |    155 |    906 |   2856 |   6 |  788.7 |
               +--------+--------+--------+--------+--------+-----+--------+

Top non-repeatable levels by time:
     D:3: 1256 daAuts
     D:2: 1092 daAuts
     D:1: 1080 daAuts
     D:4: 589 daAuts
     D:7: 423 daAuts
     D:6: 289 daAuts
